 Dungeon Crawl Stone Soup version 0.31.0-12-g77e489cdc1 (webtiles) character file.

Game seed: 11997254859874999021

5122 monsoonserge the Grappler (level 10, 0/76 HPs)
             Began as a Gnoll Shapeshifter on Feb 26, 2024.
             Was a Priest of Wu Jian.
             Slain by a wolf (10 damage)
             ... led by Grum
             ... on level 7 of the Dungeon.
             The game lasted 00:26:00 (7972 turns).

monsoonserge the Grappler (Gnoll Shapeshifter)      Turns: 7972, Time: 00:26:01

Health: 0/76       AC:  4    Str: 18    XL:     10   Next: 58%
Magic:  18/18      EV: 13    Int: 10    God:    Wu Jian [***...]
Gold:   629        SH:  7    Dex: 11    Spells: 20/20 levels left

rFire   + . .        M - +5 long sword (freeze)
rCold   . . .        R - +2 buckler
rNeg    . . .        a - +1 leather armour {rF+}
rPois   +            (helmet currently unavailable)
rElec   .            (cloak currently unavailable)
rCorr   .            (gloves currently unavailable)
SInv    +            g - melded +0 pair of boots
Will    .....        (no amulet)
Stlth   +++          I - ring of see invisible
HPRegen 0.32/turn    E - ring of poison resistance
MPRegen 0.16/turn

%: no passive effects
@: exhausted, beast-form
A: beast (slay +4), fangs 1, strong nose, distributed training
a: Begin Untransformation, Renounce Religion, Wall Jump, Serpent's Lash


You were on level 7 of the Dungeon.
You worshipped Wu Jian.
Wu Jian was most pleased with you.
You were a hulking beast.
You visited 2 branches of the dungeon, and saw 9 of its levels.
You also visited: Ossuary.

You collected 629 gold pieces.

Inventory:

Hand Weapons
 k - the +6 sling "Moddint" {drain, Fly rElec rF+ Str-4}
   (You found it on level 2 of the Dungeon)

   Str-4:     It affects your strength (-4).
   rF+:       It protects you from fire.
   rElec:     It insulates you from electricity.
   Fly:       It grants you flight.
 M - a +5 long sword of freezing (weapon)
Missiles
 p - 5 darts of dispersal
 v - 2 boomerangs
 K - 2 poisoned darts (quivered)
Armour
 a - a +1 leather armour of fire resistance (worn)
 g - a +0 pair of boots (melded)
 F - an orb of mayhem
 H - a +0 chain mail
 R - a +2 buckler (worn)
 S - a +1 robe of willpower
Magical Staves
 L - a staff of earth
 U - a staff of conjuration
Jewellery
 s - a ring of ice
 E - a ring of poison resistance (right hand)
 I - a ring of see invisible (left hand)
 P - an amulet of the acrobat
 Q - a ring of protection from cold
Talismans
 c - a beast talisman (active)
 d - a flux talisman
 O - a blade talisman
Wands
 l - a wand of roots (9)
 w - a wand of acid (8)
 N - a wand of charming (6)
Scrolls
 e - 5 scrolls of blinking
 j - 3 scrolls of poison {unknown}
 n - a scroll of revelation
 o - 5 scrolls of enchant armour {unknown}
 r - 2 scrolls of amnesia {unknown}
 u - 3 scrolls of fear {unknown}
 x - 7 scrolls of teleportation {unknown}
 y - a scroll of noise {unknown}
 G - 4 scrolls of identify {unknown}
 J - a scroll of vulnerability {unknown}
 V - 3 scrolls of immolation {unknown}
 W - a scroll of enchant weapon {unknown}
Potions
 b - 5 potions of lignification
 f - 4 potions of enlightenment {unknown}
 h - 5 potions of brilliance
 i - a potion of ambrosia {unknown}
 m - 2 potions of attraction {unknown}
 q - 3 potions of invisibility {unknown}
 t - a potion of berserk rage {unknown}
 z - 2 potions of haste {unknown}
 A - 3 potions of curing
 B - 3 potions of might {unknown}
 C - 4 potions of heal wounds {unknown}
 D - a potion of magic {unknown}
 T - a potion of mutation {unknown}


   Skills:
 + Level 6.2 Fighting
 + Level 5.6 Short Blades
 + Level 5.6 Long Blades
 + Level 5.6 Axes
 + Level 5.6 Maces & Flails
 + Level 5.6 Polearms
 + Level 5.6 Staves
 + Level 5.6 Ranged Weapons
 + Level 5.6 Throwing
 + Level 5.6 Armour
 + Level 7.3 Dodging
 + Level 5.6 Stealth
 + Level 5.6 Shields
 + Level 8.7 Unarmed Combat
 + Level 5.6 Spellcasting
 + Level 4.6 Conjurations
 + Level 4.6 Hexes
 + Level 4.6 Summonings
 + Level 4.6 Necromancy
 + Level 4.6 Translocations
 + Level 4.6 Fire Magic
 + Level 4.6 Ice Magic
 + Level 4.6 Air Magic
 + Level 4.6 Earth Magic
 + Level 4.6 Alchemy
 + Level 6.2 Invocations
 + Level 5.6 Evocations
 + Level 8.4 Shapeshifting


You had 20 spell levels left.
You didn't know any spells.
Your spell library contained the following spells:

 Spells                   Type           Power      Damage    Failure   Level
 Apportation              Tloc           24%        N/A       4%          1
 Necrotise                Necr           48%        1d6       4%          1
 Sting                    Conj/Alch      48%        1d6       4%          1
 Summon Small Mammal      Summ           48%        N/A       4%          1
 Cigotuvi's Dreadful Rot  Necr/Alch/Air  24%        N/A       7%          2
 Dazzling Flash           Conj/Hex       24%        N/A       14%         3
 Hailstorm                Conj/Ice       12%        3d6       14%         3
 Summon Ice Beast         Ice/Summ       12%        N/A       14%         3
 Volatile Blastmotes      Fire/Tloc      24%        2d12      14%         3
 Animate Dead             Necr           12%        N/A       43%         4
 Ignite Poison            Fire/Alch      12%        N/A       43%         4
 Borgnjor's Vile Clutch   Necr/Erth      6%         N/A       78%         5
 Freezing Cloud           Conj/Ice/Air   6%         6-21      78%         5
 Death Channel            Necr           6%         N/A       100%        6
 Sculpt Simulacrum        Ice/Alch       6%         N/A       100%        6
 Starburst                Conj/Fire      6%         6d4       100%        6
 Maxwell's Capacitive Co  Air            6%         ∞         100%        8


Dungeon Overview and Level Annotations

Branches:
Dungeon (8/15)             Temple (1/1) D:4         Ossuary (visited)
   Lair: D:8-11

Altars:
Ashenzari
Cheibriados
Dithmenos
Elyvilon
Fedhas
Gozag
Hepliaklqana
Kikubaaqudgha
Makhleb
Nemelex Xobeh
Okawaru
Qazlal
Ru
Sif Muna
Trog
Uskayaw
Vehumet
Wu Jian
Xom
Yredelemnul
Zin
The Shining One


Innate Abilities, Weirdness & Mutations

You are a hulking beast.
Your limbs bulge with bestial killing power. (Slay +4)
You have very sharp teeth.
Your uncanny sense of smell can sniff out nearby items.
Your experience applies equally to all skills.


Message History

Unknown command.
You spin and attack the wolf.
You barely miss the wolf.
You spin and attack Grum.
You hit Grum. You freeze Grum.
Grum is heavily wounded.
Grum looks more healthy.
You block the wolf's attack. The wolf bites you.
* * * LOW HITPOINT WARNING * * *
Grum hits you with a +0 spear!!
* * * LOW HITPOINT WARNING * * *
Unknown command.
Your muscles tense, ready for explosive movement...
You spin and attack Grum, with incredible momentum.
You slash Grum! You freeze Grum.
Grum is almost dead.
Unknown command.
You spin and attack Grum, with incredible momentum.
You hit Grum. You freeze Grum.
You blow up Grum!
The Council accepts your kill.
Your supernatural speed expires.
Unknown command.
You feel better. You block the wolf's attack. The wolf closely misses you.
You spin and attack the wolf.
You hit the wolf. You freeze the wolf.
The wolf is lightly wounded.
You spin and attack the wolf.
You hit the wolf. You freeze the wolf.
The wolf is severely wounded.
You block the wolf's attack. x2; The wolf barely misses you.
Unknown command.
Unknown command.
You spin and attack the wolf.
You miss the wolf.
The wolf is lightly wounded.
You spin and attack the wolf.
You slash the wolf! You freeze the wolf.
You kill the wolf!
The Council accepts your kill. You block the wolf's attack. The wolf bites you.
* * * LOW HITPOINT WARNING * * *
Unknown command.
You hit the wolf. You freeze the wolf.
The wolf is heavily wounded.
The wolf bites you!
You die...

....<............................
...................#............#
............[.....##.###.........
........).....>......###.........
...............#................#
........#.####.#......>....##....
.#......#....##..°>......#.......
###.##..####..#.°h..............#
#..#...# ##...h†........#....##
##.##.## #..........<.###....##
##..##..#####..#..###.[.##......#
##............##.######..#...#...
..............##.(.......##......
....................###..#.......
....................###..#......#
.........#......##...#.....##..##
.#......#...............#..##.##


You could see a wolf.

Vanquished Creatures
  A kobold demonologist (D:8)
  A hornet (D:7)
  Sigmund (D:3)
  Grum (D:7)
  Eustachio (D:5)
  2 water moccasins
  Duvessa (D:5)
  An orc warrior (D:6)
  A black bear (D:4)
  2 ice beasts
  2 sky beasts
  An ogre (D:6)
  A wolf (D:7)
  6 bullfrogs
  A weeping skull (Ossuary)
  Blork the orc (D:6)
  4 gnoll sergeants
  9 scorpions
  6 wights
  3 water moccasin zombies (Ossuary)
  Dowan (D:5)
  3 howler monkeys
  3 bombardier beetles (D:4)
  A hound (D:4)
  A gnoll bouda (D:4)
  4 orc priests
  A spectral scorpion (Ossuary)
  Jessica (D:3)
  4 iguanas
  3 orc wizards
  A sleepcap (D:6)
  A bullfrog simulacrum (Ossuary)
  A crocodile zombie (Ossuary)
  2 mummies (Ossuary)
  25 gnolls
  9 adders
  3 shadow imps
  4 white imps
  2 ufetubi (D:6)
  An adder zombie (Ossuary)
  3 ribbon worms
  3 dart slugs
  22 orcs
  3 endoplasms
  3 giant cockroaches
  9 gnoll zombies (Ossuary)
  8 goblins
  8 hobgoblins
  3 quokkas
  7 ball pythons
  4 bats
  4 frilled lizards
  4 jackal zombies (Ossuary)
  10 kobolds
  5 orc zombies (Ossuary)
  7 rats
220 creatures vanquished.

Vanquished Creatures (others)
  A kobold demonologist (D:8)
1 creature vanquished.

Grand Total: 221 creatures vanquished

Notes
Turn   | Place    | Note
-------+----------+-------------------------------------------
     0 | D:1      | monsoonserge the Gnoll Shapeshifter began the quest for the
                  | Orb.
     0 | D:1      | Reached XP level 1. HP: 17/17 MP: 1/1
   320 | D:1      | Reached XP level 2. HP: 23/23 MP: 2/2
   469 | D:1      | Found a faded altar of an unknown god.
   670 | D:2      | Identified the +6 sling "Moddint" {drain, Fly rElec rF+
                  | Str-4}
   721 | D:2      | Reached XP level 3. HP: 28/28 MP: 3/3
   745 | D:2      | Found a white marble altar of Elyvilon.
  1017 | D:2      | Reached skill level 1 in Invocations
  1127 | D:2      | Reached skill level 1 in Short Blades
  1127 | D:2      | Reached skill level 1 in Long Blades
  1127 | D:2      | Reached skill level 1 in Axes
  1127 | D:2      | Reached skill level 1 in Maces & Flails
  1127 | D:2      | Reached skill level 1 in Polearms
  1127 | D:2      | Reached skill level 1 in Staves
  1127 | D:2      | Reached skill level 1 in Ranged Weapons
  1127 | D:2      | Reached skill level 1 in Throwing
  1127 | D:2      | Reached skill level 1 in Armour
  1127 | D:2      | Reached skill level 1 in Stealth
  1127 | D:2      | Reached skill level 1 in Shields
  1127 | D:2      | Reached skill level 1 in Spellcasting
  1127 | D:2      | Reached skill level 1 in Evocations
  1705 | D:3      | Reached XP level 4. HP: 34/34 MP: 5/5
  1710 | D:3      | Noticed Jessica
  1711 | D:3      | Killed Jessica
  1712 | D:3      | Reached skill level 1 in Conjurations
  1712 | D:3      | Reached skill level 1 in Hexes
  1712 | D:3      | Reached skill level 1 in Summonings
  1712 | D:3      | Reached skill level 1 in Necromancy
  1712 | D:3      | Reached skill level 1 in Translocations
  1712 | D:3      | Reached skill level 1 in Fire Magic
  1712 | D:3      | Reached skill level 1 in Ice Magic
  1712 | D:3      | Reached skill level 1 in Air Magic
  1712 | D:3      | Reached skill level 1 in Earth Magic
  1712 | D:3      | Reached skill level 1 in Alchemy
  1793 | D:3      | Noticed Sigmund
  1800 | D:3      | Killed Sigmund
  1801 | D:3      | Reached skill level 5 in Dodging
  1801 | D:3      | Reached XP level 5. HP: 29/41 MP: 5/7
  1801 | D:3      | Reached XP level 6. HP: 34/47 MP: 5/8
  2483 | D:4      | Reached XP level 7. HP: 23/52 MP: 10/10
  2581 | D:4      | Found a staircase to the Ecumenical Temple.
  2590 | Temple   | Entered the Ecumenical Temple
  2626 | Temple   | Became a worshipper of the Wu Jian Council
  2804 | D:4      | You are sucked into a shaft and drop 1 floor!
  2804 | D:5      | Entered Level 5 of the Dungeon
  2804 | D:5      | Found a bloodstained altar of Trog.
  2804 | D:5      | Found a glowing silver altar of Zin.
  2872 | D:4      | Found a sand-covered staircase.
  2896 | Ossuary  | Entered an ossuary
  3011 | Ossuary  | Reached * piety under Wu Jian
  3022 | Ossuary  | Reached XP level 8. HP: 27/60 MP: 12/12
  3875 | D:5      | Noticed Eustachio
  3974 | D:5      | Reached ** piety under Wu Jian
  4172 | D:5      | Killed Eustachio
  4288 | D:5      | Noticed Blork the orc
  4288 | D:5      | Noticed Dowan
  4290 | D:5      | Noticed Duvessa
  4305 | D:6      | Killed Blork the orc
  4350 | D:6      | Found a stormy altar of Qazlal.
  4377 | D:6      | Reached XP level 9. HP: 65/66 MP: 14/14
  4643 | D:6      | Reached skill level 5 in Fighting
  4876 | D:5      | Killed Duvessa
  4878 | D:5      | Killed Dowan
  5004 | D:5      | Reached skill level 5 in Invocations
  6277 | D:6      | Reached *** piety under Wu Jian
  6531 | D:7      | Reached skill level 5 in Short Blades
  6531 | D:7      | Reached skill level 5 in Long Blades
  6531 | D:7      | Reached skill level 5 in Axes
  6531 | D:7      | Reached skill level 5 in Maces & Flails
  6531 | D:7      | Reached skill level 5 in Polearms
  6531 | D:7      | Reached skill level 5 in Staves
  6531 | D:7      | Reached skill level 5 in Ranged Weapons
  6531 | D:7      | Reached skill level 5 in Throwing
  6531 | D:7      | Reached skill level 5 in Armour
  6531 | D:7      | Reached skill level 5 in Stealth
  6531 | D:7      | Reached skill level 5 in Shields
  6531 | D:7      | Reached skill level 5 in Spellcasting
  6531 | D:7      | Reached skill level 5 in Evocations
  6531 | D:7      | Reached XP level 10. HP: 76/76 MP: 17/17
  6758 | D:7      | Paralysed by a hornet for 1 turns
  7003 | D:7      | Found a hide-covered altar of Uskayaw.
  7108 | D:7      | Found a shimmering altar of Xom.
  7777 | D:8      | Noticed a kobold demonologist
  7783 | D:8      | Noticed a kobold demonologist
  7795 | D:8      | Killed a kobold demonologist
  7798 | D:8      | Noticed Grum
  7804 | D:8      | Killed a kobold demonologist
  7968 | D:7      | HP: 3/76 [Grum/+0 spear (18)]
  7969 | D:7      | Killed Grum
  7972 | D:7      | Slain by a wolf

Illustrated notes

Levels and vault maps discovered:
D:1:      saegor_arrival_simple_e, layout_basic,
          hellmonk_ecumenical_altar_zigzags
D:2:      layout_basic, basic_altar, serial_forest, infiniplex_forest_zigzag_1,
          infiniplex_forest_lined_corner, infiniplex_forest_clump_curved,
          infiniplex_forest_lined_3, infiniplex_forest_straight_5,
          infiniplex_forest_end_1, infiniplex_forest_straight_4,
          infiniplex_forest_clump_double, infiniplex_forest_clump_small
D:3:      layout_basic, grunt_decor_cap, dreamdust_wishing_well,
          minmay_fractal_squares_diagonal_5, uniq_sigmund, uniq_jessica
D:4:      layout_loops_ring, minmay_temple_entry_junction_2, enter_ossuary_5,
          minmay_joined_circles
D:5:      layout_basic, mainiacjoe_overflow_divided_tiny, grunt_decor_fettered,
          uniq_blork_the_orc, uniq_eustachio, uniq_duvessa
D:6:      layout_loops_corners, grunt_qazlal_sundering, corexii_hall_statues_t,
          kennysheep_generic_room_3
D:7:      layout_cave_pools, eat_drink_and_be_merry_uskayaw,
          mainiacjoe_overflow_24_doors, kennysheep_generic_room_14
D:8:      layout_loops_ring, amcnicky_mini_pool_small, uniq_grum
Temple:   bh_familiar_temple

Skill      XL: |  1  2  3  4  5  6  7  8  9 10 |
---------------+-------------------------------+-----
Invocations    | 1 2 3 4 5 6 |  6.2
Short Blades   | 1 2 3 5 |  5.6
Long Blades    | 1 2 3 5 |  5.6
Axes           | 1 2 3 5 |  5.6
Maces & Flails | 1 2 3 5 |  5.6
Polearms       | 1 2 3 5 |  5.6
Staves         | 1 2 3 5 |  5.6
Ranged Weapons | 1 2 3 5 |  5.6
Throwing       | 1 2 3 5 |  5.6
Armour         | 1 2 3 5 |  5.6
Stealth        | 1 2 3 5 |  5.6
Shields        | 1 2 3 5 |  5.6
Spellcasting   | 1 2 3 5 |  5.6
Evocations     | 1 2 3 5 |  5.6
Conjurations   | 1 2 3 4 |  4.6
Hexes          | 1 2 3 4 |  4.6
Summonings     | 1 2 3 4 |  4.6
Necromancy     | 1 2 3 4 |  4.6
Translocations | 1 2 3 4 |  4.6
Fire Magic     | 1 2 3 4 |  4.6
Ice Magic      | 1 2 3 4 |  4.6
Air Magic      | 1 2 3 4 |  4.6
Earth Magic    | 1 2 3 4 |  4.6
Alchemy        | 1 2 3 4 |  4.6
Fighting       | 3 4 5 6 |  6.2
Dodging        | 5 6 7 |  7.3
Unarmed Combat | 7 8 |  8.7
Shapeshifting  | 7 8 |  8.4

Action                     |  1- 3 |  4- 6 |  7- 9 | 10-12 || total
---------------------------+-------+-------+-------+-------++-------
  Melee: Unarmed           |    29 |       |   191 |       ||   220
         Bite              |     1 |       |    43 |    11 ||    55
         Punch             |       |       |     9 |       ||     9
         Long sword        |       |       |   151 |   140 ||   291
   Fire: Sling             |    36 |    59 |    39 |       ||   134
  Throw: Dart              |       |       |       |     2 ||     2
 Invoke: Serpent's Lash    |       |       |       |     2 ||     2
Ability: Lunge             |       |       |    27 |    14 ||    41
         Whirlwind         |       |       |    47 |    54 ||   101
         Wall Jump         |       |       |     1 |       ||     1
    Use: Scroll            |       |       |     2 |       ||     2
         Potion            |       |       |     3 |     1 ||     4
   Stab: Distracted        |       |       |       |     1 ||     1
         Sleeping          |       |       |       |     1 ||     1
 Armour: Skin              |     4 |       |    24 |       ||    28
         Ring mail         |     8 |    22 |    16 |       ||    46
         Chain mail        |       |       |   140 |    15 ||   155
         Leather armour    |       |       |       |    52 ||    52
  Dodge: Dodged            |    28 |    10 |   153 |    52 ||   243
  Block: Buckler           |       |       |    10 |    52 ||    62
   Form: Flux              |     1 |       |     4 |       ||     5
         Beast             |     1 |       |     4 |       ||     5
